[Event "118th SUI-ch 2018"]
[Site "Lenzerheide"]
[Date "2018.07.12"]
[Round "1"]
[White "Pelletier, Yannick"]
[Black "Kurmann, Oliver"]
[Result "1-0"]
[ECO "A05"]
[WhiteElo "2551"]
[BlackElo "2451"]
[Annotator "RC"]
[PlyCount "61"]
[EventDate "2018.07.12"]
[EventType "tourn"]
[EventCountry "SUI"]
[SourceTitle "playchess.com"]
[Source "ChessBase"]
[SourceQuality "1"]
[TimeControl "40/5400+30:1800+30"]

1. Nf3 Nf6 2. c4 b6 3. Nc3 Bb7 4. d4 e6 5. a3 d5 6. Bg5 Be7 7. Qa4+ Bc6 8. Qc2 dxc4 9. e3 b5 10. a4 a6 11. axb5 axb5 12. Rxa8 Bxa8 13. Nxb5 c5 14. dxc5 Qa5+ 15. Nc3 Bxf3 16. gxf3 Qxc5 17. Qa4+ Nbd7 18. Bxf6 Bxf6 19. Ne4 Qb6 20. Bxc4 Qc7 21. Bb5 Qc1+ 22. Ke2 Qxh1 23. Bxd7+ Kd8 24. Bc6 Kc7 25. Qa6 Rb8 26. Qa7+ Kxc6 27. Qxb8 Qb1 28. b4 h5 29. Qd6+ Kb5 30. Qc5+ Ka6 31. Nd6 1-0

[Event "118th SUI-ch 2018"]
[Site "Lenzerheide"]
[Date "2018.07.12"]
[Round "1"]
[White "Gallagher, Joseph G"]
[Black "Baenziger, Fabian"]
[Result "1/2-1/2"]
[ECO "B24"]
[WhiteElo "2434"]
[BlackElo "2382"]
[Annotator "NA RC"]
[PlyCount "62"]
[EventDate "2018.07.12"]
[EventType "tourn"]
[EventCountry "SUI"]
[SourceTitle "playchess.com"]
[Source "ChessBase"]
[SourceQuality "1"]
[TimeControl "40/5400+30:1800+30"]

1. e4 c5 2. Nc3 Nc6 3. Bb5 Nd4 4. Bc4 e6 5. Nge2 a6 6. d3 b5 7. Bb3 Nxb3 8. axb3 Bb7 9. Ng3 Nf6 10. e5 Nd5 11. Nxd5 Bxd5 12. O-O f5 13. exf6 Qxf6 14. Nh5 Qf7 15. Be3 Bd6 16. c4 Bc6 17. d4 cxd4 18. Bxd4 Qg6 $15 19. Ng3 O-O 20. Re1 Rf5 21. Bb6 Bxg3 22. fxg3 h5 23. Qd2 Raf8 24. Rf1 Rxf1+ 25. Rxf1 Rxf1+ 26. Kxf1 Qb1+ 27. Kf2 Qe4 28. Qe2 Qxg2+ 29. Ke1 Qh1+ 30. Kd2 Qb1 31. Qe5 Be4 1/2-1/2

[Event "118th SUI-ch 2018"]
[Site "Lenzerheide"]
[Date "2018.07.12"]
[Round "1"]
[White "Gaehwiler, Gabriel"]
[Black "Georgiadis, Nico"]
[Result "1/2-1/2"]
[ECO "E10"]
[WhiteElo "2419"]
[BlackElo "2526"]
[Annotator "RC"]
[PlyCount "91"]
[EventDate "2018.07.12"]
[EventType "tourn"]
[EventCountry "SUI"]
[SourceTitle "playchess.com"]
[Source "ChessBase"]
[SourceQuality "1"]
[TimeControl "40/5400+30:1800+30"]

1. d4 Nf6 2. c4 e6 3. Nf3 d5 4. g3 Bb4+ 5. Bd2 Be7 6. Bg2 O-O 7. O-O c6 8. Qc2 Nbd7 9. Bf4 a5 10. cxd5 exd5 11. Nc3 Nh5 12. Bd2 Re8 13. Rfe1 Nhf6 14. Bf4 Nf8 15. Rad1 Ng6 16. Be5 Ng4 17. h3 N4xe5 18. dxe5 Qb6 19. e4 dxe4 20. Nxe4 Be6 21. b3 Bb4 22. Re2 Bd5 23. Neg5 Nf8 24. Nd4 Rad8 25. Bxd5 Rxd5 26. Ndf3 h6 27. Ne4 Red8 28. Nd6 Bxd6 29. exd6 R5xd6 30. Rxd6 Rxd6 31. Re8 Re6 32. Ra8 Qb4 33. Qd2 Qxd2 34. Nxd2 Re2 35. Nc4 Rxa2 36. Rxa5 Rc2 37. Ra7 b5 38. Nd6 Ne6 39. Nxf7 Nd4 40. b4 Rc4 41. Ne5 Rxb4 42. h4 h5 43. Kg2 Rb3 44. Rd7 c5 45. Rd8+ Kh7 46. Nd7 1/2-1/2

[Event "118th SUI-ch 2018"]
[Site "Lenzerheide"]
[Date "2018.07.13"]
[Round "2"]
[White "Gallagher, Joseph G"]
[Black "Gaehwiler, Gabriel"]
[Result "1/2-1/2"]
[ECO "C42"]
[WhiteElo "2434"]
[BlackElo "2419"]
[Annotator "NA"]
[PlyCount "93"]
[EventDate "2018.07.12"]
[EventType "tourn"]
[EventCountry "SUI"]
[SourceTitle "playchess.com"]
[Source "ChessBase"]
[SourceQuality "1"]
[TimeControl "40/5400+30:1800+30"]

1. e4 e5 2. Nf3 Nf6 3. Nxe5 d6 4. Nf3 Nxe4 5. d4 d5 6. Bd3 Nc6 7. O-O Be7 8. c4 Nb4 9. Be2 dxc4 10. Bxc4 O-O 11. a3 {[%emt 0:19:34] C42: Petroff Defence: 3 Nxe5 and unusual White 3rd moves} Nd5 {[%emt 0:05:59] LiveBook: 6 Games} 12. Re1 Nef6 13. Nc3 c6 14. Qd3 g6 $146 ({Predecessor:} 14... a6 15. Ne5 Be6 16. Ba2 Nxc3 17. bxc3 Bxa2 18. Rxa2 Nd7 19. Nf3 Bf6 20. Rae2 b5 21. g4 h6 {1-0 (46) Cubas,J (2451)-Gonzalez,B (2257) Sao Paulo 2005}) 15. Bh6 Bf5 16. Qd2 Re8 17. Ne5 Qd6 18. h3 Be6 $14 19. Ba2 Rad8 20. Rad1 c5 21. Nxd5 Bxd5 22. dxc5 Qxc5 23. b4 Qc8 24. Qb2 Bxa2 25. Qxa2 Qe6 26. Qxe6 fxe6 27. Rxd8 Rxd8 28. Nf3 Rd6 29. Ng5 e5 30. g3 Nd7 31. Kg2 Bxg5 32. Bxg5 Kf7 33. Rc1 Rc6 34. Rxc6 bxc6 35. Kf3 Ke6 36. Ke4 Nb6 37. Be3 Nc4 38. Bxa7 Nxa3 39. Bc5 Nb5 40. Bf8 Kf7 41. Bc5 Ke6 42. f4 Nc3+ 43. Kd3 Na4 44. Kc4 Nb2+ 45. Kc3 Na4+ 46. Kc4 Nb2+ 47. Kc3 1/2-1/2

[Event "118th SUI-ch 2018"]
[Site "Lenzerheide"]
[Date "2018.07.13"]
[Round "2"]
[White "Ekstroem, Roland"]
[Black "Bogner, Sebastian"]
[Result "0-1"]
[ECO "E90"]
[WhiteElo "2381"]
[BlackElo "2605"]
[Annotator "ChessBase"]
[PlyCount "152"]
[EventDate "2018.07.12"]
[EventType "tourn"]
[EventCountry "SUI"]
[SourceTitle "playchess.com"]
[Source "ChessBase"]
[SourceQuality "1"]
[TimeControl "40/5400+30:1800+30"]

1. d4 Nf6 2. c4 g6 3. Nc3 Bg7 4. e4 d6 5. Nf3 O-O 6. h3 Na6 7. Be3 c5 8. d5 e6 9. Bd3 exd5 10. exd5 Nc7 11. O-O b5 12. cxb5 Ncxd5 13. Nxd5 Nxd5 14. Bg5 Nf6 15. Be4 Rb8 16. Bc6 Bb7 17. Bxb7 Rxb7 18. a4 d5 19. Rc1 Qd6 20. b4 cxb4 21. Rc6 Qd8 22. Qb3 h6 23. Be3 Re8 24. Qxb4 Ne4 25. Rfc1 Qd7 26. Bd4 Bf8 27. Qb3 Qf5 28. Qd3 Ng3 29. Qxf5 Nxf5 30. Bf6 Re4 31. Ra6 Rb6 32. g4 Rxa6 33. bxa6 Re6 34. Bd8 Ng7 35. Rc7 Rxa6 36. Rd7 Rd6 37. Ne5 Ne6 38. Bf6 Rxd7 39. Nxd7 Bd6 40. Kf1 Nc5 41. Nxc5 Bxc5 42. Ke2 Kf8 43. f4 Ke8 44. f5 gxf5 45. gxf5 Kd7 46. Kd3 h5 47. Be5 Kc6 48. Bc3 Kd6 49. Bf6 Bf2 50. Bg7 Bb6 51. Bf6 Bg1 52. Bg7 a6 53. Bf6 Bh2 54. Bb2 Bg3 55. Bc3 Kc5 56. Bd2 d4 57. Ba5 Bf4 58. Ke4 Bh2 59. Kd3 Bg3 60. Bd8 Kb4 61. a5 Bf2 62. Bb6 Kb5 63. Bxd4 Be1 64. Ke4 Bxa5 65. Ke5 Kc4 66. Ba1 Kd3 67. Kf6 Ke4 68. Kg5 Bd2+ 69. Kxh5 Kxf5 70. Kh4 Be1+ 71. Kh5 Bd2 72. Kh4 a5 73. Kg3 a4 74. Bb2 Bb4 75. Kf3 a3 76. Bc1 a2 0-1

[Event "118th SUI-ch 2018"]
[Site "Lenzerheide"]
[Date "2018.07.17"]
[Round "6"]
[White "Georgiadis, Nico"]
[Black "Jenni, Florian"]
[Result "0-1"]
[ECO "A62"]
[WhiteElo "2526"]
[BlackElo "2447"]
[Annotator "RC"]
[PlyCount "90"]
[EventDate "2018.07.12"]
[EventType "tourn"]
[EventCountry "SUI"]
[SourceTitle "playchess.com"]
[Source "ChessBase"]
[SourceQuality "1"]
[TimeControl "40/5400+30:1800+30"]

1. d4 Nf6 2. c4 e6 3. Nf3 c5 4. d5 d6 5. Nc3 exd5 6. cxd5 g6 7. g3 Bg7 8. Bg2 O-O 9. O-O Re8 10. Re1 a6 11. a4 Nbd7 12. Bf4 Ng4 13. Qc2 Nde5 14. Nxe5 Nxe5 15. h3 Bf5 16. e4 Bd7 17. a5 Bb5 18. Red1 h5 19. h4 b6 20. axb6 Qxb6 21. Rab1 Bd7 22. b3 Bg4 23. Re1 Qb4 24. Bd2 a5 25. Na4 Qb5 26. Re3 Rab8 27. Nc3 Qa6 28. f4 Nd7 29. Bf1 Qb6 30. Kg2 Re7 31. Bc4 Bd4 32. Ree1 Rbe8 33. Nb5 Bg7 34. Re3 Bd4 35. Ree1 Bg7 36. Re3 Kh7 37. Bc3 Bd4 38. Ree1 Nf6 39. Bxd4 cxd4 40. Bd3 Nxd5 41. Qd2 Nf6 42. Ra1 Nxe4 43. Qxa5 Qb7 44. Qa7 Qc6 45. Nxd4 Qc3 0-1

[Event "118th SUI-ch 2018"]
[Site "Lenzerheide"]
[Date "2018.07.17"]
[Round "6"]
[White "Baenziger, Fabian"]
[Black "Ekstroem, Roland"]
[Result "1/2-1/2"]
[ECO "B25"]
[WhiteElo "2382"]
[BlackElo "2381"]
[Annotator "NA"]
[PlyCount "67"]
[EventDate "2018.07.12"]
[EventType "tourn"]
[EventCountry "SUI"]
[SourceTitle "playchess.com"]
[Source "ChessBase"]
[SourceQuality "1"]
[TimeControl "40/5400+30:1800+30"]

1. e4 c5 2. Nc3 g6 3. g3 Bg7 4. Bg2 Nc6 5. d3 d6 6. f4 e6 7. Nh3 Nge7 8. O-O O-O 9. Be3 Rb8 {[%emt 0:05:40] B25: Closed Sicilian: 3 g3, lines without early Be3} (9... b6 10. Bf2 Bb7 11. Qd2 Qd7 12. Rae1 Rae8 13. g4 f5 14. gxf5 exf5 15. Ng5 Nd4 16. Bxd4 Bxd4+ 17. Kh1 h6 18. Nf3 Bg7 19. Nh4 {½-½ (19) Zvjaginsev,V (2659)-Moiseenko,A (2630) Sochi 2007}) 10. Qd2 {[%emt 0:05:52] LiveBook: 5 Games} Nd4 11. Rae1 b5 12. Nd1 b4 13. c3 bxc3 $146 ({Predecessor:} 13... Ndc6 14. Nhf2 Qa5 {0-1 (41) Gustafson,D (2025)-Somogyi,I (2225) Budapest 1998}) 14. bxc3 Ndc6 15. Bf2 Qa5 16. g4 f5 17. exf5 exf5 18. Bh4 (18. gxf5 $11 {hält das Gleichgewicht.} Bxf5 19. Ng5) 18... Qc7 19. Ne3 fxg4 20. Nd5 Nxd5 21. Bxd5+ Kh8 22. Ng5 Nd8 23. Nxh7 Kxh7 24. Re7 Qa5 25. Qe1 Be6 $14 (25... Nf7 $5) 26. Bg5 Bxd5 27. Qh4+ Kg8 28. Rxg7+ Kxg7 29. Qh6+ Kg8 30. Qxg6+ Kh8 31. Qh6+ Kg8 32. Qg6+ Kh8 33. Qh6+ Kg8 34. Qg6+ 1/2-1/2

[Event "118th SUI-ch 2018"]
[Site "Lenzerheide"]
[Date "2018.07.18"]
[Round "7"]
[White "Kurmann, Oliver"]
[Black "Gaehwiler, Gabriel"]
[Result "0-1"]
[ECO "B92"]
[WhiteElo "2451"]
[BlackElo "2419"]
[Annotator "RC"]
[PlyCount "54"]
[EventDate "2018.07.12"]
[EventType "tourn"]
[EventCountry "SUI"]
[SourceTitle "playchess.com"]
[Source "ChessBase"]
[SourceQuality "1"]
[TimeControl "40/5400+30:1800+30"]

1. e4 c5 2. Nf3 d6 3. d4 cxd4 4. Nxd4 Nf6 5. Nc3 a6 6. Be2 e5 7. Nb3 Be7 8. Be3 Be6 9. Nd5 Nbd7 10. Qd3 Bxd5 11. exd5 Nc5 12. Nxc5 dxc5 13. c4 O-O 14. a4 Ne8 15. g4 Rc8 16. h4 f5 17. gxf5 Nd6 18. f6 Bxf6 19. Bg4 e4 20. Qc2 Rc7 21. a5 Bd4 22. Ra3 Kh8 23. Be6 Qf6 24. Rh2 Bxb2 25. Bg5 Qe5 26. Rb3 Qxh2 27. Rxb2 Qg1+ 0-1

[Event "118th SUI-ch 2018"]
[Site "Lenzerheide"]
[Date "2018.07.19"]
[Round "8"]
[White "Studer, Noel"]
[Black "Kurmann, Oliver"]
[Result "1-0"]
[ECO "E17"]
[WhiteElo "2484"]
[BlackElo "2451"]
[Annotator "ChessBase"]
[PlyCount "49"]
[EventDate "2018.07.12"]
[EventType "tourn"]
[EventCountry "SUI"]
[SourceTitle "playchess.com"]
[Source "ChessBase"]
[SourceQuality "1"]
[TimeControl "40/5400+30:1800+30"]

1. d4 Nf6 2. c4 e6 3. Nf3 b6 4. g3 Bb7 5. Bg2 Be7 6. O-O O-O 7. Re1 d5 8. cxd5 exd5 9. Nc3 Nbd7 10. Bf4 c5 11. Rc1 Ne4 12. Nxe4 dxe4 13. Nd2 f5 14. b4 cxd4 15. Qb3+ Rf7 16. Rc7 g5 17. Rxb7 gxf4 18. Nxe4 fxe4 19. Bxe4 Rb8 20. Rxb8 Qxb8 21. Bd5 Ne5 22. Rd1 Bf6 23. Rxd4 Nf3+ 24. Qxf3 Bxd4 25. Bxf7+ 1-0

[Event "118th SUI-ch 2018"]
[Site "Lenzerheide"]
[Date "2018.07.19"]
[Round "8"]
[White "Gallagher, Joseph G"]
[Black "Ekstroem, Roland"]
[Result "0-1"]
[ECO "B27"]
[WhiteElo "2434"]
[BlackElo "2381"]
[Annotator "NA"]
[PlyCount "86"]
[EventDate "2018.07.12"]
[EventType "tourn"]
[EventCountry "SUI"]
[SourceTitle "playchess.com"]
[Source "ChessBase"]
[SourceQuality "1"]
[TimeControl "40/5400+30:1800+30"]

1. e4 c5 2. Nf3 g6 3. d4 cxd4 4. Qxd4 Nf6 5. e5 Nc6 6. Qa4 Nd5 7. Qe4 Nb6 {[%emt 0:00:34] B27: Sicilian: 2 Nf3, unusual Black 2nd moves} 8. Nc3 d5 (8... Bg7 9. Bf4 d5 10. exd6 Bf5 11. Qe2 O-O 12. O-O-O exd6 13. Rxd6 Qc8 14. Qb5 Re8 15. h4 {½-½ (30) Saric,I (2666)-Hou,Y (2673) Wijk aan Zee 2015 CBM 165 [CB]}) 9. exd6 Bf5 10. Qh4 Qxd6 11. Nb5 Qb4+ 12. c3 Qxh4 13. Nxh4 O-O-O 14. Nxf5 gxf5 15. Be3 $146 ({Predecessor:} 15. Be2) 15... Nd5 16. Bxa7 b6 $1 17. c4 Ndb4 18. Bxb6 Nc2+ 19. Ke2 Nxa1 20. g3 Bh6 21. Bxd8 Rxd8 22. f4 Nc2 23. Bg2 N6d4+ 24. Nxd4 Nxd4+ 25. Kf2 Nc2 26. Ke2 Bg7 27. Rb1 Kc7 28. a4 Nd4+ 29. Ke1 Nb3 $19 30. Rd1 Bxb2 31. Rxd8 Kxd8 32. Kd1 Na5 33. Kc2 Nxc4 34. Kb3 Ne3 35. Kxb2 Nxg2 36. Kc3 Ne3 37. Kd4 Nf1 38. Ke5 Nxh2 39. Kxf5 h6 40. a5 Kc7 41. g4 e6+ 42. Kf6 Nxg4+ 43. Kxf7 h5 0-1